 Dungeon Crawl Stone Soup version 0.29-a0-1065-g47a6bb8 (webtiles) character file.

Game seed: 16043365249823048014

292 XZede the Ducker (level 6, 24/24 HPs)
             Began as a Felid Venom Mage on Aug 18, 2022.
             Quit the game on level 7 of the Dungeon.
             The game lasted 01:00:31 (9239 turns).

XZede the Ducker (Felid Venom Mage)                 Turns: 9239, Time: 01:00:32

Health: 24/24      AC:  6    Str:  6    XL:     6   Next: 10%
Magic:  12/12      EV: 20    Int: 18    God:
Gold:   243        SH:  0    Dex: 17    Spells: 6/12 levels left
                                        Lives:  0   Deaths: 2

rFire   . . .      SeeInvis +   (weapon unavailable)
rCold   . . .      Faith    .   (shield unavailable)
rNeg    . . .      Spirit   .   (body armour unavailable)
rPois   +          Reflect  .   (helmet unavailable)
rElec   .          Harm     .   (cloak unavailable)
rCorr   .          Rampage  .   (gloves unavailable)
Will    .....                   (boots unavailable)
Stlth   +++.......              b - amulet "Lelaf" {Acrobat rPois Str+2}
HPRegen 0.08/turn               k - +4 ring of protection
MPRegen 0.13/turn               (no ring)

@: quick
A: very small, claws 1, fangs 3, see invisible, speed 1, shaggy fur 2, stealthy
paws, no weapons or thrown items, no armour, multi-lived
a: no special abilities


You were on level 7 of the Dungeon.
You visited 1 branch of the dungeon, and saw 7 of its levels.

You collected 243 gold pieces.

Inventory:

Hand Weapons
 e - a +2 dagger of draining
Jewellery
 b - the amulet "Lelaf" (around neck) {Acrobat rPois Str+2}
   (You acquired it on level 1 of the Dungeon)

   [amulet of the acrobat]

   It increases your evasion while moving and waiting.
   Str:       It affects your strength (+2).
   rPois:     It protects you from poison.
 k - a +4 ring of protection (left paw)
 m - the ring "Akluyclu" {+Blink rC+ Stlth+}
   (You took it off a hobgoblin on level 3 of the Dungeon)

   [ring of protection from cold]

   rC:        It protects you from cold.
   +Blink:    It lets you blink.
   Stlth:     It makes you more stealthy.
Wands
 f - a wand of charming (22)
 g - a wand of flame (21)
 j - a wand of polymorph (6)
 o - a wand of mindburst (15)
Scrolls
 i - 2 scrolls of magic mapping
 n - 2 scrolls of enchant armour
 p - 3 scrolls of identify
Potions
 a - a potion of magic
 c - a potion of brilliance
 d - 3 potions of curing


   Skills:
 + Level 6.3 Dodging
 + Level 5.7 Stealth
 + Level 3.5 Spellcasting
 + Level 3.6 Transmutations
 * Level 2.7 Air Magic
 * Level 5.2 Poison Magic


You had 6 spell levels left.
You knew the following spells:

 Your Spells              Type           Power      Damage    Failure   Level
a - Sting                 Tmut/Pois      76%        1d6       2%          1
b - Poisonous Vapours     Pois/Air       34%        N/A       4%          2
c - Mephitic Cloud        Conj/Pois/Air  12%        N/A       16%         3

Your spell library contained the following spells:

 Spells                   Type           Power      Damage    Failure   Level
 Olgreb's Toxic Radiance  Pois           22%        N/A       17%         4
 Gell's Gravitas          Tloc           3%         N/A       43%         3
 Teleport Other           Tloc           3%         N/A       43%         3
 Dispersal                Tloc           1%         N/A       100%        6


Dungeon Overview and Level Annotations

Branches:
Dungeon (7/15)
 Temple: D:4-7

Altars:
Ashenzari
Elyvilon
Gozag
Kikubaaqudgha
Trog
Vehumet
Yredelemnul
The Shining One

Shops:
D:5 :   D:7 *

Annotations:
D:3 3 runed translucent doors, AlexanderH's ghost, novice DrEE
D:4 2 transporters, exclusion: statue, Menkaure
D:5 2 transporters, bluv's ghost, novice MiBe
D:7 Maggie


Innate Abilities, Weirdness & Mutations

You have sharp claws.
You have razor-sharp teeth.
You have supernaturally acute eyesight. (SInv)
You cover ground quickly. (Speed+)
You are covered in thick fur. (AC +2)
Your paws help you pounce on unaware monsters.
You are incapable of wielding weapons or throwing items.
You cannot wear armour.
You gain extra lives every three experience levels.


Message History

Press: ? - help, Dir - move target, f/p - wyvern
Aim: a wyvern (lightly wounded, very poisoned) Poisonous vapours surround the wyvern!
The wyvern looks even sicker.
The wyvern completely misses you. The wyvern attacks as you move away!
The wyvern completely misses you. The wyvern attacks as you move away!
The wyvern barely misses you. The wyvern bites you!
The wyvern attacks as you move away! The wyvern misses you.
The wyvern completely misses you. The wyvern attacks as you move away!
The wyvern completely misses you. The wyvern completely misses you.
The wyvern attacks as you move away! The wyvern bites you.
The wyvern attacks as you move away! The wyvern misses you.
The wyvern closely misses you. The wyvern attacks as you move away!
The wyvern completely misses you. The wyvern barely misses you.
The wyvern looks more healthy.
The wyvern attacks as you move away! The wyvern closely misses you.
There is a stone staircase leading down here.
The wyvern completely misses you. The wyvern attacks as you move away!
The wyvern completely misses you. The wyvern attacks as you move away!
The wyvern completely misses you. The wyvern completely misses you.
The wyvern closely misses you.
Casting: Poisonous Vapours (safe; 4% risk of failure)
Confirm with . or Enter, or press ? or * to list all spells.
Aiming: Sting (safe; 2% risk of failure)
Press: ? - help, Shift-Dir - straight line, f/p - wyvern
Aim: a wyvern (heavily wounded, 74% to hit)
The sting hits the wyvern.
The wyvern is poisoned.
The wyvern is heavily wounded.
The wyvern bites you!
* * * LOW HITPOINT WARNING * * *
The wyvern attacks as you move away! The wyvern bites you!
You die...
The wyvern completely misses you.
You are now level 6!
You rejoin the land of the living...
Found a potion of curing and 2 poisoned darts.
Are you sure you want to abandon this character and quit the game? (Confirm with "yes".)

# .. ...
######....
#...(.....
#...!.....
#.@.......
#.........
.+
#.........
##
#.......##
#.......#
#########
#


There were no monsters in sight!

Vanquished Creatures
  Sigmund (D:3)
  A black bear (D:5)
  A centaur (D:5)
  A phantom (D:5)
  3 scorpions
  A howler monkey (D:4)
  2 jellies (D:5)
  2 hounds
  2 orc priests
  2 iguanas
  An orc wizard (D:3)
  Robin (D:3)
  3 gnolls (D:6)
  5 adders
  An ufetubus (D:4)
  3 worms
  2 dart slugs
  9 orcs
  5 ball pythons
  5 endoplasms
  3 giant cockroaches
  10 goblins
  15 hobgoblins
  6 quokkas
  7 bats
  7 frilled lizards
  7 kobolds
  2 rats (D:2)
108 creatures vanquished.

Vanquished Creatures (others)
  A wizard (D:5)
1 creature vanquished.

Grand Total: 109 creatures vanquished

Notes
Turn   | Place    | Note
-------+----------+-------------------------------------------
     0 | D:1      | XZede the Felid Venom Mage began the quest for the Orb.
     0 | D:1      | Reached XP level 1. HP: 7/7 MP: 4/4
   449 | D:1      | Reached skill level 3 in Dodging
   494 | D:1      | Reached XP level 2. HP: 11/11 MP: 3/6
  1562 | D:1      | Identified a scroll of acquirement
  1562 | D:1      | Acquired the amulet "Lelaf" {Acrobat rPois Str+2}
  1573 | D:2      | Found a white marble altar of Elyvilon.
  1586 | D:2      | Reached XP level 3. HP: 14/14 MP: 5/7
  2763 | D:3      | Noticed Robin
  2902 | D:3      | Found an opulent altar of Gozag.
  2919 | D:3      | Found a runed translucent gate.
  2920 | D:3      | Found a runed translucent gate.
  2920 | D:3      | Found a runed translucent gate.
  2921 | D:3      | Noticed Sigmund
  2922 | D:3      | Noticed AlexanderH's ghost (novice DrEE)
  2938 | D:3      | Killed Sigmund
  2939 | D:3      | Reached skill level 4 in Dodging
  2939 | D:3      | Reached XP level 4. HP: 6/18 MP: 1/9
  2939 | D:3      | Reached XP level 5. HP: 7/21 MP: 1/10
  3326 | D:3      | Reached skill level 5 in Dodging
  3331 | D:3      | Gained mutation: You are covered in thick fur. (AC +2)
                  | [Felid growth]
  3331 | D:3      | Reached XP level 6. HP: 24/24 MP: 6/11
  3364 | D:3      | Identified the ring "Akluyclu" {+Blink rC+ Stlth+}
  3464 | D:3      | Learned a level 2 spell: Poisonous Vapours
  4117 | D:3      | Killed Robin
  4294 | D:4      | Found a transporter.
  4301 | D:4      | Found a basalt altar of Yredelemnul.
  4303 | D:4      | Noticed Menkaure
  4305 | D:4      | Found an ancient bone altar of Kikubaaqudgha.
  5519 | D:4      | Found a transporter.
  5942 | D:4      | Learned a level 3 spell: Mephitic Cloud
  6473 | D:4      | Reached XP level 7. HP: 23/27 MP: 6/12
  6536 | D:4      | Reached skill level 1 in Air Magic
  6663 | D:4      | Found a radiant altar of Vehumet.
  6971 | D:5      | Entered Level 5 of the Dungeon
  6999 | D:5      | Reached skill level 5 in Stealth
  7250 | D:5      | Reached skill level 6 in Dodging
  7539 | D:5      | Found Hoixy's Book Shoppe.
  7837 | D:5      | Reached skill level 5 in Poison Magic
  7912 | D:5      | Found a bloodstained altar of Trog.
  8092 | D:5      | Found a glowing golden altar of the Shining One.
  8348 | D:5      | Found a broken altar of Ashenzari.
  8409 | D:5      | Reached XP level 8. HP: 8/31 MP: 14/14
  8663 | D:5      | Noticed a wizard
  8667 | D:5      | Killed a wizard
  8742 | D:5      | Noticed bluv's ghost (novice MiBe)
  8746 | D:5      | Found a transporter.
  8757 | D:5      | Found a transporter.
  8762 | D:5      | Identified the +9 dire flail "Hicrifint" {elec, Str+4 Int-4
                  | Stlth+}
  9075 | D:7      | Noticed a hornet
  9108 | D:7      | Noticed Maggie
  9145 | D:7      | Slain by a water moccasin
  9146 | D:7      | Reached XP level 7. HP: 0/40 MP: 11/13
  9172 | D:7      | Found Befoteen's Elemental Accessories.
  9200 | D:7      | Noticed a wyvern
  9238 | D:7      | Mangled by a wyvern
  9239 | D:7      | Reached XP level 6. HP: -9/24 MP: 10/12
  9239 | D:7      | Quit the game

Illustrated notes

Levels and vault maps discovered:
D:1:      dpeg_arrival_castle, layout_rooms
D:2:      layout_rooms, basic_altar, serial_corexii_hall,
          chequers_hall_statues_wall_a, corexii_hall_statues_deadend
D:3:      layout_basic, grunt_gozag_breadcrumbs, gammafunk_ghost_split,
          uniq_robin, uniq_sigmund
D:4:      layout_rooms, nicolae_overflow_hidden_temple,
          gammafunk_temple_of_torment, vehumet_statue,
          amcnicky_mini_corridor_feature
D:5:      layout_cave_pools, trog_wizard, mainiacjoe_overflow_swirl,
          gammafunk_ghost_smash, nicolae_ossuary_entry_plus, serial_shops,
          nicolae_shop_hallway_plus
D:6:      minmay_general_purpose_star, layout_cave_pools,
          minmay_temple_entry_waves, minmay_statues_item
D:7:      layout_basic, nicolae_kite_square_tiling_tiny, nicolae_elemental_shop,
          uniq_maggie

Skill      XL: |  1  2  3  4  5  6  7 |
---------------+----------------------+-----
Dodging        | 3 4 5 6 |  6.3
Poison Magic   | 3 4 5 |  5.2
Stealth        | 3 4 5 |  5.7
Transmutations | 2 3 |  3.6
Spellcasting   | 3 |  3.5
Air Magic      | 2 |  2.7

Action                   |  1- 3 |  4- 6 |  7- 9 || total
-------------------------+-------+-------+-------++-------
Melee: Unarmed           |     8 |       |    52 ||    60
       Bite              |     2 |       |     9 ||    11
       Punch             |       |       |     1 ||     1
 Cast: Sting             |    93 |    59 |    63 ||   215
       Poisonous Vapours |       |    63 |    33 ||    96
       Mephitic Cloud    |       |       |     2 ||     2
  Use: Scroll            |    10 |     1 |     2 ||    13
       Potion            |       |     4 |     3 ||     7
Armor: Skin              |     2 |     1 |    21 ||    24
Dodge: Dodged            |    31 |    40 |   172 ||   243

Table legend: (Time is in decaauts)
 A = Elapsed time spent in this place.
 B = Non-inter-level travel time spent in this place.
 C = Inter-level travel time spent in this place.
 D = Time resting spent in this place.
 E = Time spent auto-exploring this place.
 F = Levels seen in this place.
 G = Mean time per level.
                   A        B        C        D        E       F      G
               +--------+--------+--------+--------+--------+-----+--------+
         Total |   8496 |   7969 |    527 |   3828 |   2764 |   7 | 1213.7 |
       Dungeon |   8496 |   7969 |    527 |   3828 |   2764 |   7 | 1213.7 |
               +--------+--------+--------+--------+--------+-----+--------+

Top non-repeatable levels by time:
     D:3: 2414 daAuts
     D:5: 1706 daAuts
     D:4: 1600 daAuts
     D:1: 1456 daAuts
     D:2: 973 daAuts
     D:7: 277 daAuts
     D:6: 66 daAuts
